 Dungeon Crawl Stone Soup version 0.31.0-11-ge490571c62 (webtiles) character file.

Game seed: 1017607439210604953

253 qw the Skirmisher (level 5, -2/30 HPs)
             Began as a Deep Elf Hunter on Feb 4, 2024.
             Incinerated by a bombardier beetle (3 damage)
             ... with a burning spray
             ... on level 4 of the Dungeon.
             The game lasted 00:00:09 (2666 turns).

qw the Skirmisher (Deep Elf Hunter)                 Turns: 2666, Time: 00:00:10

Health: -2/30      AC:  7    Str: 10    XL:     5   Next: 90%
Magic:  7/7        EV:  9    Int: 14    God:
Gold:   148        SH:  0    Dex: 18    Spells: 4/4 levels left

rFire   . . .        a - +0 shortbow
rCold   . . .        (shield currently unavailable)
rNeg    . . .        g - +0 scale mail
rPois   .            d - +0 helmet
rElec   .            (no cloak)
rCorr   .            (no gloves)
SInv    .            (no boots)
Will    +....        (no amulet)
Stlth   +            j - ring of willpower
HPRegen 0.25/turn    (no ring)
MPRegen 0.10/turn

%: no passive effects
@: on fire, glowing
A: no striking features
a: no special abilities


You were on level 4 of the Dungeon.
You visited 1 branch of the dungeon, and saw 4 of its levels.

You collected 256 gold pieces.
You spent 108 gold pieces at shops.


   Skills:
 - Level 2.0 Fighting
 + Level 9.0 Ranged Weapons
 - Level 1.1 Armour
 - Level 2.4 Dodging
 - Level 1.2 Stealth


You had 4 spell levels left.
You didn't know any spells.
Your spell library was empty.

Inventory:

Hand Weapons
 a - a +0 shortbow (weapon)
Armour
 d - a +0 helmet (worn)
 e - a +0 ring mail
 g - a +0 scale mail (worn)
Jewellery
 j - a ring of willpower (left hand)
Wands
 b - a wand of flame (23)
 i - a wand of iceblast (2)
Scrolls
 c - a scroll of brand weapon {unknown}
 f - a scroll of identify

Dungeon Overview and Level Annotations

Branches:
Dungeon (4/15)
 Temple: D:4-7

Altars:
Fedhas
Kikubaaqudgha
Sif Muna
Vehumet
Wu Jian
Yredelemnul

Shops:
D:4 *


Message History

The bombardier beetle is heavily wounded.
The liquid fire burns you!
You shoot an arrow. The arrow hits the bombardier beetle.
The bombardier beetle is severely wounded.
The liquid fire burns you!
You shoot an arrow. The arrow hits the hound.
The hound is moderately wounded.
The liquid fire burns you! The hound closely misses you.
You shoot an arrow.
The arrow hits the hound but does no damage.
The hound is moderately wounded.
The liquid fire burns you! The hound barely misses you.
The hound bites you but does no damage.
You shoot an arrow. The arrow hits the hound.
The hound is severely wounded.
The liquid fire burns you! The hound barely misses you.
The hound closely misses you.
2661 ||| DRINKING potion of heal wounds.
You feel much better. The liquid fire burns you!
The hound bites you but does no damage. The hound bites you.
You shoot an arrow. The arrow closely misses the hound.
The liquid fire burns you! The hound barely misses you.
You shoot an arrow. The arrow hits the hound.
You kill the hound!
The liquid fire burns you!
The bombardier beetle bites you but does no damage.
Your Armour skill increases to level 1!
You shoot an arrow. The arrow hits the bombardier beetle.
The bombardier beetle is almost dead.
The liquid fire burns you!
You shoot an arrow. The arrow hits the bombardier beetle.
You kill the bombardier beetle!
The liquid fire burns you!
Your Fighting skill increases to level 2!
You are on fire!
The liquid fire burns you!
You die...

# ####### # ....... ####
.......##############...
......%@)...........'...
.......##############...
....... ....(.....
..!.... ........##
....... .....!....
....... ..........
....... ..........
.....¤¤ ##+####... #...


There were no monsters in sight!

Vanquished Creatures
  A bombardier beetle (D:4)
  2 hounds (D:4)
  9 adders
  4 ribbon worms
  2 orcs
  7 ball pythons
  7 endoplasms
  A giant cockroach (D:1)
  2 goblins (D:2)
  15 hobgoblins
  4 jackals (D:1)
  A quokka (D:1)
  8 bats
  6 frilled lizards
  6 kobolds
  6 rats
81 creatures vanquished.

Notes
Turn   | Place    | Note
-------+----------+-------------------------------------------
     0 | D:1      | qw the Deep Elf Hunter began the quest for the Orb.
     0 | D:1      | Reached XP level 1. HP: 12/12 MP: 3/3
     0 | D:1      | 0 ||| qw: Version: 0.3-a-160-g6735b56
     0 | D:1      | 0 ||| qw: Game counter: 4837
     0 | D:1      | 0 ||| qw: Melee chars always use a shield: true
     0 | D:1      | 0 ||| qw: God list: Okawaru
     0 | D:1      | 0 ||| qw: Allow faded altars: false
     0 | D:1      | 0 ||| qw: Do Orc after clearing Dungeon:15 true
     0 | D:1      | 0 ||| qw: Do second Lair branch before Depths: true
     0 | D:1      | 0 ||| qw: Lair rune preference: random
     0 | D:1      | 0 ||| qw: Goals: Normal
     0 | D:1      | 0 ||| PLANNING D:1-11
    59 | D:1      | Reached XP level 2. HP: 6/16 MP: 4/4
    61 | D:1      | Reached skill level 6 in Ranged Weapons
   350 | D:1      | Reached XP level 3. HP: 19/20 MP: 5/5
   729 | D:1      | 729 ||| READING scroll labelled HETE OPRYSHUS.
   766 | D:1      | 766 ||| DROPPING scroll of butterflies.
   956 | D:2      | Reached skill level 7 in Ranged Weapons
  1210 | D:2      | Reached XP level 4. HP: 17/25 MP: 6/6
  1735 | D:2      | Reached skill level 8 in Ranged Weapons
  1782 | D:2      | 1782 ||| UPGRADING to +0 helmet.
  1787 | D:2      | 1787 ||| READING scroll labelled MYDGHU BA FESAV.
  1788 | D:2      | 1788 ||| READING scroll labelled TUFAOSCHEFO.
  1932 | D:3      | Found an ornate altar of the Wu Jian Council.
  1932 | D:3      | Found an ancient bone altar of Kikubaaqudgha.
  1933 | D:3      | Found a radiant altar of Vehumet.
  1987 | D:3      | 1987 ||| FLEEEEING.
  1988 | D:3      | 1988 ||| FLEEEEING.
  1989 | D:3      | 1989 ||| FLEEEEING.
  1990 | D:3      | 1990 ||| FLEEEEING.
  1991 | D:3      | 1991 ||| FLEEEEING.
  1992 | D:3      | 1992 ||| FLEEEEING.
  1997 | D:3      | 1997 ||| FLEEEEING.
  2042 | D:3      | Reached XP level 5. HP: 29/29 MP: 7/7
  2536 | D:3      | 2536 ||| DROPPING scarf of shadows.
  2537 | D:3      | 2537 ||| UPGRADING to +0 scale mail.
  2547 | D:3      | 2547 ||| DROPPING +0 leather armour.
  2548 | D:3      | 2548 ||| UPGRADING to ring of willpower.
  2549 | D:3      | 2549 ||| READING 2 scrolls labelled IKHYOM ZOESUU.
  2549 | D:3      | 2549 ||| IDENTIFYING fuming cyan potion
  2550 | D:3      | 2550 ||| READING scroll of identify.
  2550 | D:3      | 2550 ||| IDENTIFYING 2 glowing sapphire potions
  2551 | D:3      | 2551 ||| DRINKING 2 coppery potions.
  2552 | D:3      | 2552 ||| DROPPING 2 potions of degeneration.
  2553 | D:3      | 2553 ||| DROPPING potion of attraction.
  2570 | D:4      | Noticed a centaur
  2570 | D:4      | Noticed a yak
  2570 | D:4      | Found a blossoming altar of Fedhas.
  2570 | D:4      | Found a shimmering blue altar of Sif Muna.
  2574 | D:4      | Found a basalt altar of Yredelemnul.
  2601 | D:4      | Reached skill level 9 in Ranged Weapons
  2611 | D:4      | Found Ufoskur's General Store.
  2622 | D:4      | 2622 ||| BUYING +0 ring mail (40 gold).
  2622 | D:4      | Bought a +0 ring mail for 40 gold pieces
  2622 | D:4      | 2622 ||| SHOPLISTING amulet of the Air {Inacc Air Fly rElec
                  | RMsl} (376 gold, have 201).
  2622 | D:4      | 2622 ||| BUYING scroll of identify (20 gold).
  2622 | D:4      | Bought a scroll of identify for 20 gold pieces
  2622 | D:4      | 2622 ||| BUYING wand of iceblast (2) (48 gold).
  2622 | D:4      | Bought a wand of iceblast (2) for 48 gold pieces
  2660 | D:4      | HP: 7/29 [burnt (7)]
  2661 | D:4      | 2661 ||| DRINKING potion of heal wounds.
  2664 | D:4      | Reached skill level 1 in Armour
  2665 | D:4      | HP: 1/29 [burnt (3)]
  2666 | D:4      | Incinerated by a bombardier beetle

Levels and vault maps discovered:
D:1:      ncdulo_watergridlock, layout_loops_ring, minmay_tetromino_i2
D:2:      minmay_angry_zag, layout_basic
D:3:      layout_basic, gammafunk_temple_overflow_claw
D:4:      layout_basic, nicolae_qazlal_general_emergency,
          gammafunk_temple_overflow_arena, serial_shops, nicolae_shop_stone,
          nicolae_shop_statue_plus

Skill      XL: |  1  2  3  4  5 |
---------------+----------------+-----
Ranged Weapons | 6 7 8 9 |  9.0
Armour         | 1 |  1.1
Fighting       | 2 |  2.0
Dodging        | |  2.4
Stealth        | |  1.2

Action                     |  1- 3 |  4- 6 || total
---------------------------+-------+-------++-------
   Fire: Shortbow          |   129 |   116 ||   245
    Use: Scroll            |     1 |     4 ||     5
         Potion            |       |     2 ||     2
 Armour: Leather armour    |    31 |    32 ||    63
         Scale mail        |       |     5 ||     5
  Dodge: Dodged            |    43 |    31 ||    74

Table legend:
 A = Non-vault XP
 B = Vault XP
 C = Vault XP percentage of total XP
 D = Non-vault monster count
 E = Vault monster count
 F = Vault count percentage of total count
                 A         B        C        D         E       F
            +---------+---------+-------+---------+---------+-------
      Total |     331 |      31 |   8.6 |      73 |       8 |   9.9
            +---------+---------+-------+---------+---------+-------
        D:1 |      51 |       2 |   3.8 |      31 |       1 |   3.1
        D:2 |      82 |      29 |  26.1 |      22 |       7 |  24.1
        D:3 |      68 |       0 |   0.0 |      13 |       0 |   0.0
        D:4 |     130 |       0 |   0.0 |       7 |       0 |   0.0
            +---------+---------+-------+---------+---------+-------
